Map: Dusk Towers

Players

Rikardth

  • Race: Protoss Protoss
  • League: Silver

capac - Winner!

  • Race: Terran Terran
  • League: Gold

VOD

Have the link to the VOD?

Description

Time

  • Played on: April 27, 2016, 4:35 p.m.
  • Length: 19:28
Show
View Real Time Build Order
Export as new Build Order

Rikardth Protoss 

Build Orders: Oracle Opening 

Get SALT Encoding   

  12  0:01  Probe (Chrono Boost)  
  13  0:11  Probe (Chrono Boost)  
  14  0:22  Probe (Chrono Boost)  
  14  0:28  Pylon  
  15  0:37  Assimilator  
  15  0:46  Probe (Chrono Boost)  
  16  0:50  Gateway  
  16  0:57  Probe (Chrono Boost)  
  17  1:02  Pylon  
  17  1:17  Assimilator  
  17  1:28  Probe (Chrono Boost)  
  17  1:29  Gateway  
  18  1:38  Cybernetics Core, Probe (Chrono Boost)  
  19  1:49  Probe (Chrono Boost)  
  20  1:59  Probe (Chrono Boost)  
  21  2:10  Probe (Chrono Boost)  
  22  2:16  Stargate  
  22  2:20  Probe (Chrono Boost), Pylon  
  23  2:29  Stalker  
  25  2:31  Mothership Core (Chrono Boost)  
  27  2:49  Probe (Chrono Boost)  
  28  2:51  Warp Gate  
  30  3:00  Adept  
  30  3:09  Oracle (Chrono Boost)  
  33  3:29  Nexus  
  33  3:32  Pylon  
  32  3:42  Oracle (Chrono Boost)  
  35  3:50  Probe  
  36  4:00  Pylon  
  36  4:03  Probe  
  36  4:04  Assimilator  
  36  4:07  Stalker  
  39  4:11  Adept  
  39  4:15  Probe  
  42  4:27  Probe  
  43  4:39  Probe  
  44  5:16  Gateway  
  44  5:27  Gateway  
  44  5:30  Stalker x2  
  48  5:36  Probe  
  48  5:37  Gateway  
  48  5:39  Pylon  
  48  5:42  Forge  
  49  5:46  Probe  
  50  5:50  Nexus  
  50  5:57  Probe  
  51  6:26  Stalker  
  51  6:27  Stalker  
  55  6:40  Pylon  
  55  6:42  Pylon  
  55  6:48  Pylon  
  55  6:49  Probe, Photon Cannon  
  55  6:52  Photon Cannon  
  56  6:57  Photon Cannon  
  56  6:59  Assimilator  
  56  7:00  Probe  
  57  7:10  Probe  
  58  7:21  Probe  
  59  7:24  Gateway  
  59  7:29  Photon Cannon  
  59  7:31  Probe, Photon Cannon  
  60  7:39  Photon Cannon  
  60  7:42  Probe  
  61  7:45  Probe, Photon Cannon  
  61  7:48  Photon Cannon  
  61  7:51  Stalker  
  64  7:52  Probe  
  64  7:56  Probe  
  66  8:03  Probe  
  67  8:05  Robotics Facility  
  67  8:06  Probe  
  68  8:13  Probe  
  68  8:17  Probe  
  70  8:22  Twilight Council  
  70  8:28  Probe  
  71  8:38  Probe  
  71  8:39  Stalker x4  
  80  8:49  Probe  
  81  8:59  Probe  
  79  9:10  Probe  
  80  9:19  Blink (Chrono Boost)  
  80  9:22  Immortal (Chrono Boost)  
  84  9:34  Templar Archives  
  84  9:35  Pylon  
  84  9:39  Protoss Ground Weapons Level 1  
  84  9:54  Immortal (Chrono Boost)  
  88  10:04  Stalker x4  
  88  10:05  Stalker x2  
  100  10:24  Gateway  
  100  10:26  Gateway  
  100  10:28  Observer  
  101  11:00  High Templar  
  101  11:01  High Templar x5  
  113  11:05  Charge (Chrono Boost)  
  113  11:07  Psionic Storm  
  113  11:12  Probe  
  114  11:21  Phoenix, Assimilator  
  114  11:23  Probe  
  114  11:25  Assimilator  
  117  11:30  Zealot  
  117  11:31  Zealot  
  121  11:34  Zealot x2, Protoss Ground Armor Level 1 (Chrono Boost)  
  125  11:43  Pylon  
  125  11:45  Pylon  
  125  11:49  Pylon  
  125  12:00  Immortal  
  126  12:01  Probe  
  130  12:13  Probe, Zealot  
  130  12:14  Zealot x3  
  130  12:15  Zealot x3  
  145  12:19  Zealot  
  147  12:25  Probe  
  148  12:37  Observer  
  149  13:19  Pylon  
  149  13:50  Zealot x4  
  157  13:58  Protoss Ground Weapons Level 2 (Chrono Boost)  
  157  14:03  Robotics Bay  
  157  14:23  Pylon  
  157  14:24  Nexus  
  157  14:26  Pylon  
  157  14:27  Pylon x2  
  157  14:48  Stalker  
  157  14:49  Stalker x5  
  157  14:50  Stalker x2  
  173  15:09  Colossus  
  173  15:10  Phoenix  
  181  15:33  Extended Thermal Lance  
  181  15:45  Zealot  
  181  15:46  Zealot x6  
  181  15:47  Zealot  
  197  15:56  Colossus, Protoss Ground Armor Level 2 (Chrono Boost)  
  165  16:20  Stalker x6  
  165  16:21  Stalker x2  
  175  17:00  Stalker x6  
  175  17:01  Stalker x2  
  86  17:38  Stalker x3  
  86  17:39  Stalker x4  
  86  17:40  Stalker  
  60  18:16  Stalker x2  
  60  18:17  Stalker x5  
  60  18:18  Colossus, Stalker  
  44  18:45  Zealot x2  
  44  18:46  Zealot x5  
Show
View Real Time Build Order
Export as new Build Order

capac Terran - Winner!

Build Orders: MMM Bio 

Get SALT Encoding   

  12  0:01  SCV  
  13  0:13  SCV  
  14  0:17  Supply Depot  
  14  0:25  SCV  
  15  0:39  SCV  
  15  0:41  Barracks  
  16  0:46  Refinery  
  16  0:51  SCV  
  17  1:03  SCV  
  18  1:15  SCV  
  19  1:28  Orbital Command  
  19  1:30  Marine  
  20  1:41  Command Center  
  20  1:49  Supply Depot  
  20  1:53  Marine  
  21  1:55  SCV  
  22  2:07  Factory  
  22  2:11  SCV  
  23  2:16  Barracks Reactor  
  23  2:22  Barracks  
  23  2:25  SCV  
  24  2:37  SCV  
  24  2:39  Refinery  
  25  2:49  SCV  
  26  2:53  SCV  
  26  2:55  Barracks, Factory Reactor  
  27  3:01  SCV  
  28  3:07  Orbital Command  
  28  3:12  Marine x2  
  28  3:13  SCV  
  28  3:14  Barracks Tech Lab  
  31  3:22  Starport  
  31  3:25  SCV  
  32  3:30  Marine x2  
  34  3:42  SCV x2  
  34  3:47  Barracks Reactor  
  36  3:50  Stimpack  
  36  3:53  Refinery  
  36  3:54  Marine, SCV x2  
  36  3:55  Marine  
  40  3:56  Marine  
  41  4:05  Engineering Bay  
  41  4:07  Supply Depot  
  41  4:20  Marine x3  
  36  4:43  Missile Turret  
  36  4:44  Medivac x2  
  40  4:57  SCV x2  
  42  5:04  Missile Turret  
  41  5:09  SCV  
  42  5:19  SCV  
  42  5:21  SCV  
  44  5:30  Liberator  
  44  5:31  SCV  
  44  5:33  SCV  
  46  5:39  Liberator  
  46  5:41  Marine x3  
  49  5:43  SCV  
  49  5:45  Factory Tech Lab  
  49  5:49  SCV  
  56  5:58  SCV  
  56  6:01  SCV  
  56  6:03  Marine  
  56  6:04  Marine x2  
  61  6:18  Supply Depot  
  61  6:30  Marine  
  62  6:40  Marine x4, Siege Tank  
  69  6:47  Marine  
  69  6:48  Supply Depot  
  69  6:50  Supply Depot, Medivac x2  
  74  6:55  Combat Shields  
  74  6:57  Marine  
  74  6:59  SCV x2  
  76  7:11  SCV x2  
  76  7:14  Siege Tank  
  81  7:15  Marine  
  81  7:16  Marine x3  
  81  7:19  Marauder  
  87  7:36  Marine x4  
  91  7:40  Marine  
  91  7:42  SCV x2  
  94  7:52  Refinery  
  94  8:05  Supply Depot, Marauder, Siege Tank, SCV x2  
  101  8:06  Supply Depot  
  101  8:08  Marine  
  101  8:09  Marine x3  
  105  8:25  Marine  
  105  8:26  Marine  
  106  8:27  Marine x3  
  110  8:35  Command Center  
  110  8:49  Supply Depot  
  110  8:50  Supply Depot  
  110  8:51  Terran Infantry Weapons Level 1  
  110  8:57  Engineering Bay, Armory  
  110  9:02  Liberator x2  
  110  9:04  Marine  
  110  9:05  Marine x4  
  114  9:23  Supply Depot  
  114  9:24  Supply Depot, Terran Infantry Armor Level 1  
  120  9:34  SCV x2  
  122  9:53  Starport, Siege Tank  
  122  9:55  SCV x2  
  125  10:02  Missile Turret  
  125  10:03  Liberator x2, SCV  
  126  10:07  SCV  
  126  10:13  Marine x4  
  131  10:15  Marauder  
  131  10:16  Sensor Tower  
  139  10:24  SCV  
  141  10:30  Orbital Command  
  141  10:31  SCV  
  141  10:45  SCV x2  
  143  10:57  SCV  
  143  11:02  Marine x2, Sensor Tower  
  143  11:03  Marine x2, Medivac x2  
  143  11:04  Marauder  
  154  11:07  Barracks  
  154  11:08  Starport Reactor  
  154  11:25  Barracks  
  154  11:30  Barracks  
  154  11:32  Marine x2  
  154  11:33  Barracks, Marine x2, Missile Turret  
  154  11:34  SCV x3  
  154  11:37  Refinery x2  
  161  11:40  Marine  
  161  11:42  Siege Tank  
  161  11:46  SCV  
  161  11:47  Terran Infantry Weapons Level 2, Terran Infantry Armor Level 2  
  166  11:51  Factory  
  166  12:04  Missile Turret  
  166  12:19  Factory  
  166  12:21  Barracks Reactor  
  166  12:22  Barracks Tech Lab  
  166  12:23  Barracks Tech Lab  
  166  12:26  Barracks Reactor  
  166  12:34  Command Center  
  166  12:35  SCV x3  
  169  12:37  Factory Tech Lab  
  166  12:46  Liberator x2  
  166  12:47  Liberator x2  
  166  12:49  SCV x2  
  166  12:50  SCV  
  169  12:54  Marauder x2  
  173  13:04  Marauder  
  187  13:29  Liberator x2  
  187  13:30  Liberator x2  
  187  13:32  Factory  
  196  14:24  Factory Tech Lab  
  196  14:55  Missile Turret  
  196  14:59  Missile Turret  
  196  15:44  Command Center x2  
  196  15:55  Marine x3  
  196  15:56  Marine  
  189  16:17  Marine  
  189  16:18  Marauder, Marine x7  
  187  16:19  Marauder x2  
  191  16:35  Marine x5  
  191  16:36  Marine x3  
  191  16:38  Planetary Fortress  
  191  16:39  Marine  
  191  17:17  Liberator x4  
  168  17:35  Marine  
  168  17:36  Marine x10  
  167  17:53  Marine  
  167  17:54  Marine x9  
  167  17:55  Marauder  
  179  18:00  Liberator x2  
  179  18:11  Marine  
  179  18:12  Marine x2  
  175  18:26  Marine x7  
  175  18:27  Marine  
  179  18:29  Marine x3  
  183  18:44  Marine x5  
  183  18:45  Marauder x3  
  183  18:47  Marine x3  
  194  19:01  Marine  
  194  19:02  Marine x4  
  199  19:04  Marine  
Tags
 
Add a new tag
Caveats
  • Supply blocks, unpowered buildings, or Contaminate may cause inaccurate times.
  • Supply counts are checked every 10 seconds.